 Dungeon Crawl Stone Soup version 0.27-a0-1206-g6342a01c75 (webtiles) character file.

Game seed: 582610779019082069

3304 Glokmah the Soothsayer (level 9, -1/63 (69) HPs)
             Began as a Demonspawn Artificer on June 5, 2021.
             Was a Priest of Nemelex Xobeh.
             Slain by a hell rat (15 damage)
             ... on level 8 of the Dungeon.
             The game lasted 00:22:35 (10171 turns).

Glokmah the Soothsayer (Demonspawn Artificer)      Turns: 10171, Time: 00:22:37

HP:   -1/63 (69)    AC:  7    Str: 19    XL:     9   Next: 70%
MP:   16/17         EV: 11    Int: 13    God:    Nemelex Xobeh [***...]
Gold: 305           SH:  0    Dex: 16    Spells: 6/13 levels left

rFire    + . .     SeeInvis .   a - +3 whip (elec)
rCold    + . .     Faith    .   (no shield)
rNeg     + . .     Spirit   .   o - +2 robe {rC+ rF+}
rPois    .         Reflect  .   (no helmet)
rElec    .         Harm     .   (no cloak)
rCorr    .         Rampage  .   i - +1 pair of gloves
Will     .....                  n - +0 pair of boots
Stlth    ++........             f - amulet of the acrobat
HPRegen  0.20/turn              j - ring of positive energy
MPRegen  0.15/turn              r - +6 ring of strength

@: drained
A: demonic guardian 1, foul stench 2
a: Renounce Religion, Draw Escape, Draw Destruction, Draw Summoning, Triple Draw


You were on level 8 of the Dungeon.
You worshipped Nemelex Xobeh.
Nemelex Xobeh was most pleased with you.
You visited 1 branch of the dungeon, and saw 8 of its levels.
You also visited: Ossuary.

You collected 305 gold pieces.

Inventory:

Hand Weapons
 a - a +3 whip of electrocution (weapon)
 b - a +5 scythe of flaming
Missiles
 q - a throwing net
Armour
 h - a +0 scale mail
 i - a +1 pair of gloves (worn)
 n - a +0 pair of boots (worn)
 o - a +2 robe of resistance (worn)
Jewellery
 f - an amulet of the acrobat (around neck)
 j - a ring of positive energy (left hand)
 r - a +6 ring of strength (right hand)
 B - an amulet of faith
 E - a +6 ring of strength
 I - a ring of magical power
Wands
 c - a wand of flame (5) (quivered)
 d - a wand of charming (15)
 p - a wand of mindburst (28)
 u - a wand of acid (2)
 K - a wand of iceblast (7)
Scrolls
 k - 2 scrolls of identify
 m - a scroll of summoning
 t - 2 scrolls of amnesia
 y - a scroll of teleportation
 C - a scroll of silence
 D - a scroll of fear
 F - a scroll of torment
 L - a scroll of blinking {unknown}
 M - a scroll of enchant armour {unknown}
 N - a scroll of fog {unknown}
Potions
 g - 5 potions of curing
 l - 4 potions of haste
 s - a potion of flight
 v - 3 potions of heal wounds
 w - 2 potions of attraction
 x - 2 potions of resistance
 z - 3 potions of cancellation
 A - 2 potions of might
 G - a potion of brilliance
 H - a potion of invisibility {unknown}
 J - a potion of magic {unknown}
Miscellaneous
 e - a piece from Xom's chessboard (15/15)


   Skills:
 + Level 6.2 Fighting
 - Level 2.1 Armour
 - Level 0.8 Dodging
 - Level 0.8 Stealth
 + Level 2.6 Spellcasting
 + Level 2.1 Transmutations
 + Level 2.4 Air Magic
 + Level 5.8 Poison Magic
 * Level 11.3 Invocations
 - Level 4.0 Evocations


You had 6 spell levels left.
You knew the following spells:

 Your Spells              Type           Power      Damage    Failure   Level
a - Poisonous Vapours     Pois/Air       24%        N/A       7%          2
b - Wereblood             Tmut           7%         N/A       14%         2
c - Swiftness             Air            8%         N/A       26%         3

Your spell library contained the following spells:

 Spells                   Type           Power      Damage    Failure   Level
 Sting                    Tmut/Pois      48%        1d5       4%          1
 Beastly Appendage        Tmut           14%        N/A       10%         1
 Shock                    Conj/Air       16%        1d4       14%         1
 Spider Form              Tmut/Pois      6%         N/A       14%         3
 Static Discharge         Conj/Air       4%         N/A       22%         2
 Mephitic Cloud           Conj/Pois/Air  8%         N/A       22%         3
 Olgreb's Toxic Radiance  Pois           16%        N/A       22%         4
 Ignite Poison            Fire/Tmut/Pois 8%         N/A       24%         3
 Airstrike                Air            4%         N/A       65%         4
 Ice Form                 Ice/Tmut       4%         N/A       83%         4
 Hydra Form               Tmut           3%         N/A       95%         5
 Lightning Bolt           Conj/Air       2%         1d13      99%         5


Dungeon Overview and Level Annotations

Branches:
Dungeon (8/15)             Temple (0/1) D:5         Ossuary (visited)
   Lair: D:8-11

Altars:
Dithmenos
Gozag
Makhleb
Nemelex Xobeh
Trog
Wu Jian
Xom
The Shining One

Shops:
D:2 *


Innate Abilities, Weirdness & Mutations

A weak demonic guardian rushes to your aid.
You sometimes emit foul miasma when damaged in melee.


Message History

The hell rat bites you. You partially resist.
You feel drained.
The water moccasin moves out of view.
The hell rat closely misses you. The hell rat misses you.
The hell rat completely misses you.
You hit the hell rat but do no damage.
The hell rat is moderately wounded.
The hell rat bites you but does no damage.
You hit the hell rat but do no damage.
The hell rat is moderately wounded.
The hell rat bites you but does no damage.
The sky beast flickers out of sight!
Deactivating autopickup; reactivate with Ctrl-A.
The hell rat barely misses you.
You closely miss the hell rat.
The hell rat is moderately wounded.
The hell rat barely misses you. The hell rat bites you! You partially resist.
You feel drained. The hell rat bites you. You partially resist.
You feel drained.
You closely miss the hell rat.
The hell rat is moderately wounded.
The hell rat bites you!
You are too injured to fight recklessly!
You are too injured to fight recklessly!
Unknown command.
The hell rat completely misses you. x2
You draw... (choose one card, ? for their descriptions)
a - the Cloud
b - the Elixir c - Exile You have drawn the Elixir.
You begin rapidly regenerating health and magic.
You can no longer deal four cards at a time.
The hell rat bites you!
* * * LOW HITPOINT WARNING * * *
You partially resist.
You feel drained.
* * * LOW HITPOINT WARNING * * *
The hell rat bites you but does no damage.
The hell rat bites you!
You die...
Your body glows slightly and disappears.

##.........####...#
#...)##......>...#
##..######.......#
##..## ##.....##
#..## ##....# ...#
#....# ..##
##....## .##
#......# . ##
##....@r## ..
##..####rr### #..#
##..## ##...#...#
##..## #.†....#
###..## ##.....#
##...## #....##
##...## #....#
#...## #.....#
##.## .......#


You could see 3 hell rats.

Vanquished Creatures
  A naga (D:7)
  Duvessa (D:5)
  A water moccasin (D:7)
  4 ice beasts
  A necrophage (D:4)
  An orc warrior (D:8)
  A tengu (D:8)
  A hornet zombie (D:6)
  3 ogres
  A centaur (D:6)
  A phantom (D:7)
  A gnoll sergeant (D:8)
  7 scorpions
  Dowan (D:5)
  A water moccasin zombie (D:5)
  A water moccasin skeleton (D:5)
  A crimson imp (D:4)
  3 centaur zombies
  2 human zombies (Ossuary)
  5 jellies
  Crazy Yiuf (D:5)
  5 orc priests
  A bullfrog skeleton (D:7)
  2 hounds
  A centaur skeleton (D:5)
  4 iguanas
  3 orc wizards
  3 scorpion zombies (Ossuary)
  A killer bee zombie (D:7)
  2 mummies (Ossuary)
  5 gnolls
  5 adders
  A river rat (Ossuary)
  3 white imps
  4 worms
  3 dart slugs
  18 orcs
  5 ball pythons
  5 bats
  A bat zombie (D:2)
  5 endoplasms
  3 giant cockroaches
  A gnoll zombie (Ossuary)
  11 hobgoblins
  13 jackals
  4 quokkas
  A frilled lizard (D:2)
  7 goblins
  4 goblin zombies (Ossuary)
  A hobgoblin zombie (Ossuary)
  A jackal skeleton (D:2)
  7 kobolds
  2 kobold zombies (Ossuary)
  4 orc zombies (Ossuary)
  2 rats
177 creatures vanquished.

Vanquished Creatures (collateral kills)
  Grinder (D:5)
  2 necrophages
  A scorpion zombie (Ossuary)
  A mummy (Ossuary)
  A gnoll (D:8)
  An adder (D:2)
  A jackal (D:1)
  A bat (Ossuary)
  A frilled lizard (D:2)
  A kobold (D:2)
11 creatures vanquished.

Vanquished Creatures (others)
  An orc zombie (Ossuary)
  4 fungi (D:5)
  11 plants (D:1)
  A withered plant (D:2)
17 creatures vanquished.

Grand Total: 205 creatures vanquished

Notes
Turn   | Place    | Note
-------+----------+-------------------------------------------
     0 | D:1      | Glokmah the Demonspawn Artificer began the quest for the
                  | Orb.
     0 | D:1      | Reached XP level 1. HP: 15/15 MP: 1/1
    34 | D:1      | Found a faded altar of an unknown god.
    42 | D:1      | Became a worshipper of Nemelex Xobeh the Trickster
    42 | D:1      | Reached * piety under Nemelex Xobeh
    42 | D:1      | Received a gift from Nemelex Xobeh
   378 | D:1      | Reached skill level 1 in Invocations
   549 | D:1      | Gained mutation: You may rarely emit foul miasma when
                  | damaged in melee. [demonic ancestry]
   549 | D:1      | Reached XP level 2. HP: 21/21 MP: 3/3
   846 | D:1      | Reached skill level 2 in Invocations
  1139 | D:1      | You fall into a shaft and drop 1 floor!
  1159 | D:2      | Reached XP level 3. HP: 26/26 MP: 4/4
  1332 | D:2      | Reached ** piety under Nemelex Xobeh
  1937 | D:2      | Found Fedithai's General Store.
  2122 | D:2      | Received a gift from Nemelex Xobeh
  2139 | D:2      | Reached skill level 3 in Invocations
  2229 | D:2      | Reached XP level 4. HP: 24/33 MP: 6/6
  2314 | D:2      | Noticed Sigmund
  2317 | D:2      | Noticed Sigmund
  2317 | D:2      | Sigmund changed into Sigmund the quokka
  2323 | D:2      | Killed Sigmund the quokka
  2568 | D:2      | Noticed a sun demon
  2685 | D:2      | Learned a level 2 spell: Poisonous Vapours
  3036 | D:3      | Found a burning altar of Makhleb.
  3329 | D:3      | Found a bloodstained altar of Trog.
  3719 | D:3      | Reached skill level 4 in Invocations
  3719 | D:3      | Reached XP level 5. HP: 8/39 MP: 6/8
  4096 | D:4      | Reached skill level 1 in Poison Magic
  4096 | D:4      | Received a gift from Nemelex Xobeh
  4194 | D:4      | Reached *** piety under Nemelex Xobeh
  4433 | D:4      | Reached skill level 5 in Invocations
  4433 | D:4      | Gained mutation: You sometimes emit foul miasma when
                  | damaged in melee. [demonic ancestry]
  4433 | D:4      | Reached XP level 6. HP: 46/46 MP: 9/9
  4650 | D:4      | Reached skill level 6 in Invocations
  4822 | D:4      | Gained mutation: A weak demonic guardian rushes to your
                  | aid. [demonic ancestry]
  4822 | D:4      | Reached XP level 7. HP: 52/52 MP: 11/11
  5071 | D:5      | Entered Level 5 of the Dungeon
  5139 | D:5      | Noticed Grinder
  5157 | D:4      | Reached skill level 7 in Invocations
  5342 | D:5      | Killed Grinder
  5406 | D:5      | Noticed Duvessa
  5419 | D:5      | Noticed Dowan
  5423 | D:5      | Killed Duvessa
  5424 | D:5      | Reached skill level 8 in Invocations
  5430 | D:5      | Killed Dowan
  5431 | D:5      | Reached XP level 8. HP: 57/61 MP: 2/14
  5666 | D:5      | Found a sand-covered staircase.
  5670 | Ossuary  | Entered an ossuary
  5759 | Ossuary  | Received a gift from Nemelex Xobeh
  5920 | Ossuary  | Reached skill level 9 in Invocations
  6004 | Ossuary  | Reached skill level 5 in Fighting
  6611 | D:5      | Reached skill level 10 in Invocations
  6636 | D:5      | Reached skill level 5 in Poison Magic
  6650 | D:5      | Found a staircase to the Ecumenical Temple.
  6801 | D:5      | Found a runed translucent door.
  6802 | D:5      | Noticed Crazy Yiuf
  6810 | D:5      | Killed Crazy Yiuf
  7254 | D:5      | Learned a level 2 spell: Wereblood
  7371 | D:6      | Reached skill level 1 in Spellcasting
  7371 | D:6      | Reached XP level 9. HP: 68/68 MP: 16/16
  7422 | D:6      | Reached skill level 1 in Air Magic
  7701 | D:6      | Received a gift from Nemelex Xobeh
  8107 | D:6      | Found a shimmering altar of Xom.
  8246 | D:6      | Found an ornate altar of the Wu Jian Council.
  8246 | D:6      | Found an opulent altar of Gozag.
  8247 | D:6      | Found a shadowy altar of Dithmenos.
  8445 | D:7      | Reached **** piety under Nemelex Xobeh
  8450 | D:7      | Reached skill level 1 in Transmutations
  8647 | D:7      | Reached skill level 11 in Invocations
  9037 | D:7      | Found a sparkling altar of Nemelex Xobeh.
  9681 | D:8      | Noticed a death yak
  9681 | D:8      | Noticed a death yak
  9699 | D:8      | Noticed a hellwing
  9891 | D:8      | Received a gift from Nemelex Xobeh
  9941 | D:8      | Learned a level 3 spell: Swiftness
 10171 | D:8      | Slain by a hell rat

Illustrated notes

Levels and vault maps discovered:
D:1:      dpeg_arrival_rooms_a, layout_loops_cross,
          shapermc_ecumenical_altar_venn, serial_forest,
          infiniplex_forest_lined_room_2, infiniplex_forest_lined_2,
          infiniplex_forest_clump_medium, infiniplex_forest_lined_2,
          infiniplex_forest_lined_ring, infiniplex_forest_clump_long,
          infiniplex_forest_zigzag_1, infiniplex_forest_clump_tiny,
          infiniplex_forest_clump_medium
D:2:      layout_basic, serial_undead, serial_undead_f, serial_undead_a,
          serial_undead_b, serial_undead_e, serial_shops,
          nicolae_shop_behind_doors, minmay_tetromino_t2, uniq_sigmund
D:3:      layout_basic, overflow_temple_1_default, general_overflow_altar
D:4:      layout_loops_ring, nicolae_tso_swordbearing_angel,
          minmay_fire_ice_demons
D:5:      minmay_evil_eye, layout_loops_ring, temple_fountains, enter_ossuary_5,
          uniq_duvessa, uniq_crazy_yiuf_cottage, uniq_grinder
D:6:      layout_loops_cross, nicolae_overflow_crystal_walls,
          nicolae_overflow_hidden_temple, minmay_misc_feat_encased
D:7:      layout_basic, nemelex_diamond_rough_becter
D:8:      minmay_klotski, layout_layer_cave, dpeg_lair_monsters,
          uniq_prince_ribbit1

Skill      XL: |  1  2  3  4  5  6  7  8  9 |
---------------+----------------------------+-----
Invocations    | 1 2 3 4 5 6 8 10 11 | 11.3
Armour         | 2 |  2.1
Fighting       | 2 3 4 5 6 |  6.2
Poison Magic   | 1 2 3 5 |  5.8
Evocations     | 4 |  4.0
Spellcasting   | 1 2 |  2.6
Air Magic      | 2 |  2.4
Transmutations | 2 |  2.1
Dodging        | |  0.8
Stealth        | |  0.8

Action                   |  1- 3 |  4- 6 |  7- 9 || total
-------------------------+-------+-------+-------++-------
Melee: Club              |    18 |       |       ||    18
       Short sword       |   142 |     7 |       ||   149
       Long sword        |    15 |    12 |       ||    27
       Scythe            |       |    84 |    13 ||    97
       Whip              |       |       |   252 ||   252
 Cast: Poisonous Vapours |       |     7 |    26 ||    33
Invok: Draw Destruction  |     1 |     5 |    12 ||    18
       Draw Summoning    |     2 |     1 |     6 ||     9
       Draw Escape       |       |     4 |     2 ||     6
       Triple Draw       |       |       |     3 ||     3
Evoke: Wand              |     6 |     3 |     1 ||    10
       Piece from Xom's  |     1 |       |     4 ||     5
  Use: Scroll            |       |     5 |    12 ||    17
 Stab: Sleeping          |       |     3 |       ||     3
       Distracted        |       |       |     1 ||     1
Armor: Leather armour    |    25 |       |       ||    25
       Scale mail        |    62 |     8 |       ||    70
       Robe              |       |    38 |    96 ||   134
Dodge: Dodged            |   108 |    66 |   167 ||   341
       Rpst.: Long sword |     1 |     1 |       ||     2

Table legend: (Time is in decaauts)
 A = Elapsed time spent in this place.
 B = Non-inter-level travel time spent in this place.
 C = Inter-level travel time spent in this place.
 D = Time resting spent in this place.
 E = Time spent auto-exploring this place.
 F = Levels seen in this place.
 G = Mean time per level.
                   A        B        C        D        E       F      G
               +--------+--------+--------+--------+--------+-----+--------+
         Total |  10334 |   9855 |    479 |   1666 |   6071 |   9 | 1148.2 |
       Dungeon |   9389 |   8910 |    479 |   1156 |   6019 |   8 | 1173.6 |
       Ossuary |    944 |    944 |      0 |    510 |     52 |   1 |  944.0 |
               +--------+--------+--------+--------+--------+-----+--------+

Top non-repeatable levels by time:
     D:1: 1589 daAuts
     D:2: 1409 daAuts
     D:4: 1244 daAuts
     D:5: 1201 daAuts
     D:3: 1137 daAuts
     D:7: 1098 daAuts
     D:6: 1068 daAuts
 Ossuary: 944 daAuts
     D:8: 641 daAuts
